Map: Thunderbird LE

Players

soO - Winner!

  • Race: Zerg Zerg
  • Spawn Location: 11:00

Probe

  • Race: Protoss Protoss
  • Spawn Location: 5:00

Event: NationWars 2019

VOD

Have the link to the VOD?

Description

Time

  • Played on: Oct. 4, 2019, 12:11 p.m.
  • Length: 13:12

All games in this series

Show
View Real Time Build Order
Export as new Build Order

soO Zerg - Winner!

Build Orders: Hatch First, Swarm Host 

Get SALT Encoding   

  12  0:00  Drone  
  13  0:12  Overlord  
  13  0:17  Drone  
  14  0:31  Drone x2  
  16  0:48  Hatchery  
  15  0:51  Drone  
  15  0:55  Drone  
  17  0:58  Drone  
  18  1:09  Extractor  
  17  1:14  Spawning Pool  
  17  1:17  Drone  
  17  1:20  Drone  
  18  1:28  Drone  
  19  1:40  Drone  
  20  1:51  Overlord  
  20  2:01  Queen x2  
  24  2:02  Zergling x2  
  24  2:03  Drone  
  26  2:09  Metabolic Boost  
  26  2:11  Drone x2  
  28  2:23  Drone x2  
  30  2:33  Overlord  
  30  2:35  Drone  
  30  2:36  Queen  
  33  2:46  Lair  
  33  2:49  Drone x2  
  35  2:55  Zergling x2  
  35  2:57  Drone  
  37  3:04  Drone  
  37  3:05  Drone  
  39  3:07  Spore Crawler  
  39  3:08  Drone x4  
  43  3:14  Drone  
  43  3:18  Extractor  
  43  3:20  Extractor, Queen  
  43  3:23  Overlord  
  44  3:32  Spore Crawler, Drone  
  44  3:37  Overlord  
  44  3:43  Drone x2  
  44  3:44  Drone x3  
  44  3:45  Drone  
  44  3:47  Extractor  
  50  3:48  Drone x2  
  50  3:51  Drone  
  52  3:57  Infestation Pit  
  52  4:02  Queen  
  53  4:05  Drone x2  
  55  4:10  Overlord  
  55  4:14  Overlord  
  55  4:22  Nydus Network  
  54  4:26  Overlord  
  54  4:28  Overlord  
  54  4:35  Swarm Host x3  
  54  4:37  Swarm Host  
  66  4:48  Swarm Host x2  
  66  4:51  Zergling x6  
  66  4:52  Zergling x2  
  76  4:58  Nydus Canal  
  75  5:00  Swarm Host  
  75  5:03  Swarm Host  
  81  5:08  Spore Crawler  
  81  5:13  Swarm Host  
  80  5:19  Drone x2  
  82  5:23  Drone  
  82  5:26  Overlord  
  83  5:30  Drone  
  84  5:37  Hatchery  
  83  5:44  Overlord  
  83  5:47  Swarm Host x2  
  83  5:48  Swarm Host  
  90  5:52  Nydus Canal  
  90  5:57  Drone  
  90  6:02  Swarm Host x3  
  100  6:12  Nydus Canal  
  100  6:17  Overlord  
  100  6:18  Overlord  
  100  6:20  Overlord  
  100  6:24  Overlord  
  100  6:35  Overlord  
  100  6:36  Swarm Host  
  100  6:37  Swarm Host x3  
  112  6:43  Swarm Host  
  115  6:49  Zergling x4  
  115  6:51  Swarm Host  
  119  6:59  Swarm Host  
  122  7:03  Swarm Host  
  122  7:08  Zergling x4  
  127  7:10  Spine Crawler  
  127  7:11  Spine Crawler  
  127  7:12  Swarm Host, Spine Crawler  
  127  7:15  Drone x3  
  129  7:19  Zergling x4  
  129  7:20  Zergling x4  
  132  7:26  Zergling x4  
  132  7:27  Zergling x8  
  138  7:33  Zergling x2  
  139  7:37  Zergling x2  
  140  7:52  Overlord x2  
  140  7:54  Roach Warren  
  139  8:03  Drone x2  
  140  8:09  Swarm Host, Overlord  
  140  8:10  Swarm Host x4  
  155  8:16  Drone x2  
  157  8:26  Swarm Host  
  159  8:27  Overlord x2  
  159  8:37  Roach x5  
  166  8:41  Roach  
  166  8:44  Roach x2  
  166  8:47  Roach  
  162  8:52  Roach  
  162  8:55  Roach  
  162  9:00  Roach  
  163  9:04  Ravager x2  
  163  9:05  Ravager  
  163  9:07  Roach  
  167  9:10  Roach  
  167  9:12  Roach  
  163  9:17  Roach  
  163  9:19  Roach  
  154  9:24  Roach  
  154  9:28  Roach x2  
  149  9:35  Queen  
  147  9:39  Ravager  
  147  9:42  Drone  
  147  9:43  Drone  
  147  9:45  Ravager  
  151  9:51  Zergling x8  
  155  10:03  Zergling x2  
  155  10:04  Zergling x6  
  155  10:05  Zergling x4  
  158  10:10  Ravager  
  158  10:11  Ravager  
  158  10:17  Ravager  
  158  10:20  Queen  
  158  10:21  Queen  
  161  10:27  Nydus Canal  
  162  10:29  Roach  
  162  10:30  Roach  
  162  10:31  Drone x3  
  165  10:38  Roach x2  
  169  10:49  Roach x3  
  175  10:57  Roach x3  
  175  11:03  Drone x2  
  183  11:05  Nydus Canal  
  183  11:09  Drone x3  
  183  11:11  Extractor x2  
  185  11:12  Overlord  
  185  11:14  Overlord  
  184  11:20  Overlord  
  184  11:27  Overlord  
  184  11:30  Overlord  
  184  11:31  Glial Reconstitution  
  184  11:32  Drone x3  
  187  11:35  Drone x2  
  187  11:37  Drone  
  187  11:39  Nydus Canal  
  190  11:47  Overseer  
  190  11:51  Ravager  
  190  11:52  Ravager  
  193  11:54  Ravager  
  193  11:57  Roach x3  
  195  12:12  Roach  
  195  12:13  Roach  
  195  12:14  Overlord  
  198  12:18  Roach x2  
  198  12:22  Roach  
  197  12:24  Roach  
  199  12:40  Roach  
  187  12:44  Zergling x2  
  187  12:45  Zergling x4, Roach x2  
  187  12:48  Roach x2  
Show
View Real Time Build Order
Export as new Build Order

Probe Protoss 

Build Orders: 1 Gate Expand, Oracle Opening, Phoenix Opening, Zealot Archon 

Get SALT Encoding   

  12  0:00  Probe  
  13  0:12  Probe  
  14  0:19  Pylon  
  14  0:24  Probe  
  14  0:28  Assimilator  
  15  0:37  Probe (Chrono Boost)  
  16  0:47  Probe (Chrono Boost), Gateway  
  17  0:52  Probe (Chrono Boost)  
  18  1:04  Probe  
  19  1:16  Probe  
  20  1:23  Nexus  
  20  1:34  Cybernetics Core  
  20  1:36  Probe  
  21  1:41  Assimilator  
  21  1:48  Probe  
  21  1:50  Pylon  
  22  2:00  Probe  
  23  2:08  Adept (Chrono Boost), Probe  
  23  2:15  Stargate  
  26  2:16  Probe  
  26  2:20  Warp Gate  
  27  2:26  Probe  
  28  2:31  Stalker  
  30  2:39  Probe (Chrono Boost)  
  32  2:44  Probe (Chrono Boost)  
  32  2:48  Probe (Chrono Boost)  
  33  2:52  Probe (Chrono Boost)  
  33  2:53  Probe (Chrono Boost)  
  34  2:59  Oracle (Chrono Boost)  
  34  3:02  Probe  
  34  3:05  Probe  
  37  3:15  Probe  
  37  3:17  Gateway  
  38  3:20  Pylon, Probe  
  38  3:22  Robotics Facility  
  40  3:27  Probe  
  40  3:32  Probe  
  41  3:35  Phoenix  
  41  3:40  Assimilator  
  44  3:41  Probe (Chrono Boost)  
  44  3:44  Probe (Chrono Boost)  
  45  3:54  Pylon, Probe (Chrono Boost)  
  45  3:55  Probe (Chrono Boost)  
  47  3:59  Probe (Chrono Boost)  
  47  4:00  Gateway  
  47  4:01  Gateway  
  48  4:03  Probe  
  48  4:04  Oracle  
  52  4:13  Probe  
  52  4:16  Assimilator  
  53  4:19  Immortal (Chrono Boost)  
  57  4:24  Probe  
  57  4:26  Shield Battery  
  57  4:28  Adept  
  60  4:31  Adept  
  62  4:42  Pylon  
  62  4:45  Pylon  
  62  4:47  Pylon  
  62  5:00  Probe x2  
  62  5:01  Immortal (Chrono Boost)  
  62  5:03  Sentry  
  70  5:13  Probe x2  
  72  5:18  Shield Battery, Zealot  
  72  5:23  Zealot x2  
  72  5:25  Probe x2  
  72  5:27  Forge, Twilight Council  
  76  5:37  Probe x2  
  76  5:40  Immortal  
  78  5:56  Protoss Ground Weapons Level 1 (Chrono Boost)  
  78  5:57  Charge (Chrono Boost), Gateway  
  78  5:58  Gateway  
  78  6:00  Gateway  
  78  6:01  Gateway  
  78  6:13  Zealot x3  
  84  6:21  Pylon x2  
  84  6:27  Warp Prism  
  86  6:37  Pylon  
  86  6:38  Pylon  
  86  6:41  Templar Archives  
  86  6:49  Zealot x2  
  88  7:13  Pylon  
  88  7:14  Pylon x2  
  88  7:15  Pylon  
  88  7:32  High Templar x4  
  88  7:33  High Templar x2  
  88  7:35  Nexus  
  88  7:37  Archon x2, Zealot x2  
  100  7:38  Archon  
  104  8:11  Zealot x7  
  118  8:19  Pylon  
  118  8:26  Pylon  
  118  8:27  Pylon  
  116  8:32  Adept  
  118  8:39  Zealot  
  118  8:40  Zealot x2  
  96  9:00  Zealot x3  
  92  9:06  High Templar x3  
  92  9:11  Archon  
  92  9:12  Zealot  
  92  9:13  Zealot  
  66  9:46  Zealot  
  66  9:47  Zealot x5  
  74  10:01  Zealot  
  72  10:08  Probe x2  
  70  10:17  Nexus  
  70  10:20  Probe x2  
  72  10:22  High Templar x2, Zealot  
  78  10:32  Probe  
  78  10:33  Probe  
  80  10:39  Archon  
  80  10:41  Gateway  
  80  10:44  Probe  
  80  10:46  Zealot x3  
  80  10:47  Zealot  
  80  10:49  Probe  
  90  10:56  Observer (Chrono Boost)  
  90  10:57  Probe  
  90  11:17  High Templar x2  
  94  11:25  Archon  
  94  11:45  Zealot x5  
  104  12:04  Zealot x2  
  108  12:12  High Templar  
  108  12:13  High Templar  
  105  12:18  Archon  
  63  12:43  Zealot x2  
  42  12:51  Zealot  
Tags
 
Add a new tag
Caveats
  • Supply blocks, unpowered buildings, or Contaminate may cause inaccurate times.
  • Supply counts are checked every 10 seconds.